 Dungeon Crawl Stone Soup version 0.27-a0-1590-g15f69828bf (webtiles) character file.

Game seed: 5683775289096360976

1407 tatocazan the Covered (level 8, -1/73 HPs)
             Began as a Minotaur Fighter on July 18, 2021.
             Was a Believer of Uskayaw.
             Slain by a chaos spawn (5 damage)
             ... summoned by a kobold demonologist
             ... on level 6 of the Dungeon.
             The game lasted 00:05:05 (5510 turns).

tatocazan the Covered (Minotaur Fighter)            Turns: 5510, Time: 00:05:06

Health: -1/73      AC: 11    Str: 24    XL:     8   Next: 42%
Magic:  7/7        EV:  6    Int:  5    God:    Uskayaw [**....]
Gold:   216        SH: 11    Dex:  9    Spells: 7/7 levels left

rFire    + . .     SeeInvis .   a - +0 war axe
rCold    + . .     Faith    .   c - +0 kite shield
rNeg     . . .     Spirit   .   w - +0 chain mail
rPois    .         Reflect  .   (helmet restricted)
rElec    .         Harm     .   t - scarf {rC+ rF+}
rCorr    .         Rampage  .   (no gloves)
Will     +....                  h - +0 pair of boots
Stlth    ..........             (no amulet)
HPRegen  0.22/turn              p - ring of willpower
MPRegen  0.10/turn              (no ring)

@: no status effects
A: horns 2, retaliatory headbutt
a: Renounce Religion, Stomp, Line Pass


You were on level 6 of the Dungeon.
You worshipped Uskayaw.
Uskayaw was noncommittal.
You visited 2 branches of the dungeon, and saw 7 of its levels.

You collected 216 gold pieces.

Inventory:

Hand Weapons
 a - a +0 war axe (weapon)
Missiles
 v - 5 boomerangs of dispersal (quivered)
 z - 2 throwing nets
Armour
 b - a +0 scale mail
 c - a +0 kite shield (worn)
 h - a +0 pair of boots (worn)
 t - a scarf of resistance (worn)
 w - a +0 chain mail (worn)
Jewellery
 p - a ring of willpower (left hand)
 q - a ring of wizardry
Wands
 y - a wand of iceblast (10)
Scrolls
 e - 4 scrolls of teleportation {unknown}
 f - 2 scrolls of identify {unknown}
 j - 3 scrolls of amnesia {unknown}
 k - a scroll of immolation {unknown}
 l - 2 scrolls of blinking {unknown}
 m - 2 scrolls of enchant weapon {unknown}
 r - a scroll of brand weapon {unknown}
 s - a scroll of silence {unknown}
 x - 2 scrolls of enchant armour {unknown}
Potions
 d - 3 potions of might
 g - 3 potions of heal wounds {unknown}
 i - 4 potions of berserk rage {unknown}
 n - 2 potions of resistance {unknown}
 o - a potion of lignification {unknown}
 u - 2 potions of curing
 A - a potion of degeneration {unknown}


   Skills:
 + Level 7.1 Fighting
 + Level 6.7 Axes
 + Level 7.2 Armour
 + Level 7.2 Shields


You had 7 spell levels left.
You didn't know any spells.
Your spell library contained the following spells:

 Spells                   Type           Power      Damage    Failure   Level
 Sting                    Tmut/Pois      0%         1d3       100%        1
 Poisonous Vapours        Pois/Air       0%         N/A       100%        2
 Slow                     Hex            0%         N/A       100%        2
 Confusing Touch          Hex            0%         N/A       100%        3
 Vampiric Draining        Necr           0%         2d6       100%        3
 Olgreb's Toxic Radiance  Pois           0%         N/A       100%        4


Dungeon Overview and Level Annotations

Branches:
Dungeon (6/15)             Temple (1/1) D:4

Altars:
Ashenzari
Dithmenos
Elyvilon
Fedhas
Hepliaklqana
Kikubaaqudgha
Ru
Sif Muna
Uskayaw
Wu Jian
Xom
Zin
The Shining One


Innate Abilities, Weirdness & Mutations

You have a pair of horns on your head.
You reflexively headbutt those who attack you in melee.


Message History

You take 1 damage, and have 64/73 hp.
Your chain mail prevents you from hitting the kobold demonologist.
The kobold demonologist is moderately wounded.
You closely miss the white imp.
You block the kobold demonologist's attack.
You block the white imp's attack.
The kobold demonologist hits you but does no damage.
You can no longer pass through a line of other dancers.
You hit the kobold demonologist.
Your headbutt misses the kobold demonologist.
The kobold demonologist is moderately wounded.
You hit the white imp.
You kill the white imp!
You hit the white imp.
The kobold demonologist gestures wildly while chanting.
You can now pass through a line of other dancers.
You hit the kobold demonologist.
The kobold demonologist is heavily wounded.
You barely miss the sun demon. You block the sun demon's attack.
The kobold demonologist hits you with a +0 dagger.
The sun demon hits you!!
You are engulfed in flames!
You resist.
You take 30 damage, and have 35/73 hp.
MASSIVE DAMAGE!!
You closely miss the kobold demonologist.
The kobold demonologist is heavily wounded.
You closely miss the sun demon.
The kobold demonologist casts a spell.
The sun demon hits you!
You are engulfed in flames.
You resist.
* * * LOW HITPOINT WARNING * * *
The kobold demonologist mumbles some strange words.
You take 19 damage, and have 16/73 hp.
MASSIVE DAMAGE!!
You barely miss the kobold demonologist.
The kobold demonologist is heavily wounded.
You hit the sun demon but do no damage. You closely miss the chaos spawn.
The sun demon closely misses you. You furiously retaliate!
You headbutt the sun demon, but do no damage.
The kobold demonologist looks satisfied for a moment.
The chaos spawn hits you!
* * * LOW HITPOINT WARNING * * *
You are engulfed in flames.
You resist.
You die...

... #.. ... ##..
##.5.# ....5
#5K## #3@##
##.4## #..[#
##..## #.†.#
#...## ##....#
### ##...?.#
....#####......##


You could see a sun demon (summoned), a kobold demonologist, a chaos spawn
(summoned), an iron imp (summoned) and 2 white imps.

Vanquished Creatures
  2 sky beasts (D:6)
  A necrophage (D:5)
  An ogre (D:5)
  A centaur (D:6)
  3 phantoms
  A bullfrog (D:6)
  A scorpion (D:6)
  2 water moccasin zombies (D:6)
  A bullfrog skeleton (D:5)
  2 jellies
  4 hounds
  2 iguanas
  A scorpion zombie (D:5)
  2 hound zombies (D:5)
  Robin (D:2)
  5 adders
  4 gnolls
  14 orcs
  5 bats
  3 endoplasms
  7 goblins
  9 hobgoblins
  11 jackals
  4 kobolds
  3 quokkas (D:1)
  8 ball pythons
  2 frilled lizards
  4 rats
104 creatures vanquished.

Notes
Turn   | Place    | Note
-------+----------+-------------------------------------------
     0 | D:1      | tatocazan the Minotaur Fighter began the quest for the Orb.
     0 | D:1      | Reached XP level 1. HP: 19/19 MP: 0/0
    87 | D:1      | Reached XP level 2. HP: 26/27 MP: 1/1
   409 | D:1      | Reached XP level 3. HP: 33/33 MP: 2/2
  1396 | D:2      | Noticed Robin
  1415 | D:2      | Killed Robin
  1419 | D:2      | Reached XP level 4. HP: 18/40 MP: 3/3
  2267 | D:3      | Found a faded altar of an unknown god.
  2868 | D:4      | Found a staircase to the Ecumenical Temple.
  2879 | Temple   | Entered the Ecumenical Temple
  3040 | Temple   | Became a worshipper of Uskayaw the Reveller
  3184 | D:4      | Reached * piety under Uskayaw
  3194 | D:4      | Noticed a phantom
  3204 | D:4      | Killed a phantom
  3204 | D:4      | Reached ** piety under Uskayaw
  3205 | D:4      | Reached XP level 5. HP: 40/47 MP: 4/4
  3272 | D:4      | Noticed a phantom
  3282 | D:4      | Reached *** piety under Uskayaw
  3283 | D:4      | Killed a phantom
  3284 | D:4      | Reached skill level 5 in Fighting
  3284 | D:4      | Reached skill level 5 in Armour
  3284 | D:4      | Reached skill level 5 in Shields
  3284 | D:4      | Reached XP level 6. HP: 31/56 MP: 5/5
  3808 | D:4      | Found a hazy altar of Hepliaklqana.
  3846 | D:5      | Entered Level 5 of the Dungeon
  3981 | D:5      | Reached skill level 5 in Axes
  4003 | D:5      | Reached XP level 7. HP: 56/62 MP: 6/6
  4181 | D:5      | Reached **** piety under Uskayaw
  4186 | D:5      | Reached ***** piety under Uskayaw
  5058 | D:6      | Reached XP level 8. HP: 36/71 MP: 7/7
  5497 | D:6      | Noticed a kobold demonologist
  5506 | D:6      | Noticed a sun demon
  5510 | D:6      | Slain by a chaos spawn

Illustrated notes

Levels and vault maps discovered:
D:1:      ncdulo_halloftheorcs, layout_loops_ring
D:2:      layout_basic, minmay_tetromino_s4, uniq_robin
D:3:      layout_loops_ring, shapermc_ecumenical_altar_notcrosses
D:4:      layout_cave_pools, lemuel_coloured_pillars_altar,
          minmay_temple_entry_trees
D:5:      layout_cave_pools
D:6:      layout_layer_cave
Temple:   regret_index_temple_generic_petals

Skill      XL: |  1  2  3  4  5  6  7  8 |
---------------+-------------------------+-----
Armour         | 4 5 6 7 |  7.2
Shields        | 4 5 6 7 |  7.2
Fighting       | 4 5 6 7 |  7.1
Axes           | 3 4 5 6 |  6.7

Action                   |  1- 3 |  4- 6 |  7- 9 || total
-------------------------+-------+-------+-------++-------
Melee: War axe           |   106 |   107 |   108 ||   321
       Headbutt          |     8 |    14 |    18 ||    40
 Stab: Paralysed         |       |     2 |     4 ||     6
Armor: Scale mail        |    57 |    53 |     2 ||   112
       Chain mail        |       |       |    73 ||    73
Dodge: Dodged            |    32 |    26 |    17 ||    75
Block: Kite shield       |    75 |    80 |    74 ||   229

Table legend: (Time is in decaauts)
 A = Elapsed time spent in this place.
 B = Non-inter-level travel time spent in this place.
 C = Inter-level travel time spent in this place.
 D = Time resting spent in this place.
 E = Time spent auto-exploring this place.
 F = Levels seen in this place.
 G = Mean time per level.
                   A        B        C        D        E       F      G
               +--------+--------+--------+--------+--------+-----+--------+
         Total |   5664 |   5481 |    183 |   1360 |   3331 |   7 |  809.1 |
       Dungeon |   5476 |   5350 |    126 |   1360 |   3205 |   6 |  912.7 |
        Temple |    187 |    130 |     57 |      0 |    126 |   1 |  187.0 |
               +--------+--------+--------+--------+--------+-----+--------+

Top non-repeatable levels by time:
     D:2: 1297 daAuts
     D:5: 1114 daAuts
     D:3: 867 daAuts
     D:4: 830 daAuts
     D:1: 764 daAuts
     D:6: 601 daAuts
  Temple: 187 daAuts
